 Dungeon Crawl Stone Soup version 0.27-a0-906-g0a00ce863d (webtiles) character file.

Game seed: 16883365708352597830

95 Alarkh the Insei (level 4, -2/23 HPs)
             Began as a Vampire Gladiator on Apr 6, 2021.
             Slain by an iguana (11 damage)
             ... on level 4 of the Dungeon.
             The game lasted 00:02:26 (2455 turns).

Alarkh the Insei (Vampire Gladiator)                Turns: 2455, Time: 00:02:26

Health: -2/23      AC:  4    Str: 13    XL:     4   Next: 39%
Magic:  4/4        EV: 12    Int: 11    God:
Gold:   40         SH:  0    Dex: 15    Spells: 3/3 levels left

rFire    . . .     SeeInvis +     - Unarmed
rCold    . . .     Faith    .   (no shield)
rNeg     . . .     Spirit   .   a - +0 leather armour
rPois    .         Reflect  .   b - +0 helmet
rElec    .         Harm     .   (no cloak)
rCorr    .         Rampage  .   (no gloves)
Will     .....                  (no boots)
Stlth    +.........             (no amulet)
HPRegen  0.27/turn              (no ring)
MPRegen  0.09/turn              (no ring)

@: regenerating quickly
A: alive, fangs 3, see invisible, unbreathing 1, vampiric 2, [frail 3]
a: Exsanguinate


You were on level 4 of the Dungeon.
You visited 1 branch of the dungeon, and saw 4 of its levels.

You collected 40 gold pieces.

Inventory:

Missiles
 c - 3 throwing nets (quivered)
Armour
 a - a +0 leather armour (worn)
 b - a +0 helmet (worn)
Scrolls
 d - 2 scrolls of brand weapon {unknown}
 g - 2 scrolls of identify {unknown}
 i - a scroll of magic mapping {unknown}
 k - a scroll of fear {unknown}
 m - a scroll of teleportation {unknown}
Potions
 e - a potion of brilliance {unknown}
 f - a potion of flight {unknown}
 h - a potion of attraction {unknown}
 j - 2 potions of haste {unknown}
 l - a potion of berserk rage {unknown}
 n - 2 potions of curing {unknown}


   Skills:
 + Level 2.8 Fighting
 - Level 1.5 Throwing
 - Level 3.2 Dodging
 * Level 5.1 Unarmed Combat


You had 3 spell levels left.
You didn't know any spells.
Your spell library was empty.

Dungeon Overview and Level Annotations

Branches:
Dungeon (4/15)
 Temple: D:4-7

Altars:


Innate Abilities, Weirdness & Mutations

Your natural rate of healing is unusually fast.
You have razor-sharp teeth.
You have supernaturally acute eyesight. (SInv)
You can survive without breathing.
You are afflicted with vampirism and can become a bat while bloodless.
[You are extremely frail. (-30% HP)]


Message History

There is a stone staircase leading up here.
A giant cockroach comes into view.
The giant cockroach moves out of view.
An iguana comes into view.
There are monsters nearby!
There are monsters nearby!
There are monsters nearby!
Found a stone staircase leading down.
The iguana hisses angrily.
You hit the giant cockroach but do no damage.
You bite the giant cockroach.
The giant cockroach is moderately wounded.
The giant cockroach closely misses you.
You hit the giant cockroach.
You kill the giant cockroach!
A kobold comes into view. It is wielding a +0 club.
The kobold shouts!
You hear an angry hiss.
You barely miss the iguana. The iguana closely misses you.
You hit the iguana but do no damage. You bite the iguana.
The iguana is moderately wounded.
The iguana bites you.
You hit the iguana but do no damage.
The iguana is moderately wounded.
The kobold misses you. The iguana bites you!
You hit the iguana. You bite the iguana.
The iguana is almost dead.
The kobold barely misses you. The iguana bites you.
* * * LOW HITPOINT WARNING * * *
You are too injured to fight recklessly!
You are too injured to fight recklessly!
You are too injured to fight recklessly!
You are too injured to fight recklessly!
You are too injured to fight recklessly!
You are too injured to fight recklessly!
The kobold throws a stone.
The stone hits you but does no damage.
The kobold throws a stone.
The stone closely misses you.
You hit the iguana.
The iguana is almost dead.
The iguana bites you!
You die...

################
#.#.Kl@..<<....#
#.#.############
#.#........
#.#..######
######.#..#####
....>...†.....+
######....#####
#.#.## .....


You could see an iguana and a kobold.

Vanquished Creatures
  Jessica (D:2)
  2 adders (D:2)
  A worm (D:2)
  A dart slug (D:1)
  7 ball pythons
  7 endoplasms
  4 giant cockroaches
  6 goblins
  2 hobgoblins
  2 jackals (D:1)
  A quokka (D:3)
  2 bats (D:1)
  4 frilled lizards
  A rat (D:3)
41 creatures vanquished.

Vanquished Creatures (others)
  A plant (D:4)
1 creature vanquished.

Grand Total: 42 creatures vanquished

Notes
Turn   | Place    | Note
-------+----------+-------------------------------------------
     0 | D:1      | Alarkh the Vampire Gladiator began the quest for the Orb.
     0 | D:1      | Reached XP level 1. HP: 16/16 MP: 1/1
   307 | D:1      | Reached XP level 2. HP: 22/22 MP: 2/2
   346 | D:1      | Found a faded altar of an unknown god.
   502 | D:1      | Reached skill level 4 in Unarmed Combat
  1003 | D:2      | Noticed Jessica
  1013 | D:2      | Killed Jessica
  1014 | D:2      | Gained mutation: You are afflicted with vampirism and can
                  | become a bat while bloodless. [Vampire growth]
  1014 | D:2      | Reached XP level 3. HP: 16/22 MP: 3/3
  1189 | D:2      | Reached XP level 4. HP: 18/27 MP: 4/4
  1868 | D:3      | Reached skill level 5 in Unarmed Combat
  2455 | D:4      | Slain by an iguana

Illustrated notes

Levels and vault maps discovered:
D:1:      tarquinn_simple_flora_water_b, layout_loops_corners,
          basic_ecumenical_altar
D:2:      layout_rooms, serial_co_window_serial, co_window_paths_a,
          co_window_paths_b, co_window_paths_a, co_window_of_opportunity_a,
          co_window_paths_a, co_window_corner_a, co_window_cross_1,
          co_window_corner_a, co_window_corner_a, co_window_broadway_b,
          co_window_2corner, co_window_broadway_a, co_window_of_opportunity_c,
          minivault_26, uniq_jessica
D:3:      layout_basic
D:4:      layout_basic, serial_shops, nicolae_shop_overgrown_old_shop,
          uniq_duvessa, uniq_natasha, uniq_crazy_yiuf_cottage

Skill      XL: |  1  2  3  4 |
---------------+-------------+-----
Fighting       | 2 |  2.8
Unarmed Combat | 4 5 |  5.1
Throwing       | |  1.5
Dodging        | |  3.2

Action                   |  1- 3 |  4- 6 || total
-------------------------+-------+-------++-------
Melee: Unarmed           |    72 |    39 ||   111
       Bite              |     4 |     8 ||    12
       Punch             |       |     3 ||     3
 Abil: Exsanguinate      |     1 |     2 ||     3
       Revivify          |       |     3 ||     3
 Stab: Sleeping          |     6 |     5 ||    11
Armor: Leather armour    |    13 |     5 ||    18
Dodge: Dodged            |    33 |    24 ||    57

Table legend: (Time is in decaauts)
 A = Elapsed time spent in this place.
 B = Non-inter-level travel time spent in this place.
 C = Inter-level travel time spent in this place.
 D = Time resting spent in this place.
 E = Time spent auto-exploring this place.
 F = Levels seen in this place.
 G = Mean time per level.
                   A        B        C        D        E       F      G
               +--------+--------+--------+--------+--------+-----+--------+
         Total |   2446 |   2374 |     72 |      0 |   2069 |   4 |  611.5 |
       Dungeon |   2446 |   2374 |     72 |      0 |   2069 |   4 |  611.5 |
               +--------+--------+--------+--------+--------+-----+--------+

Top non-repeatable levels by time:
     D:1: 910 daAuts
     D:2: 850 daAuts
     D:3: 661 daAuts
     D:4: 24 daAuts
